 Dungeon Crawl Stone Soup version 0.31-a0-455-g1a7b003ef0 (webtiles) character file.

Game seed: 14510057826987906056

21 Xavori the Trooper (level 3, 30/30 HPs)
             Began as a Djinni Chaos Knight on Aug 3, 2023.
             Was a Plaything of Xom.
             Quit the game on level 1 of the Dungeon.
             The game lasted 00:01:11 (10990 turns).

Xavori the Trooper (Djinni Chaos Knight)           Turns: 10990, Time: 00:01:12

Health: 30/30      AC:  6    Str: 12 (13) XL:     3   Next: 2%
Gold:   60         EV: 11    Int: 13 (14) God:    Xom [......] SH:  0 Dex:  8 (10)

rFire   + + .        a - +0 falchion (chaos)
rCold   x . .        (no shield)
rNeg    . . .        b - +2 leather armour
rPois   ∞            h - +0 helmet {Int+3}
rElec   +            (no cloak)
rCorr   .            (no gloves)
SInv    +            (boots unavailable)
Will    .....        (no amulet)
Stlth   +            (no ring)
HPRegen 0.25/turn    (no ring)
MPRegen 0.00/turn

%: clarity
@: flying, bezotted
A: sickness immunity, fire resistance 2, cold vulnerability 1, float, innate
caster, HP casting, extra vitality 1, see invisible, clarity, clumsy 1,
deterioration 1, dopey 1, electricity resistance, inability to drink after
injury 2, MP-powered wands
a: Renounce Religion


You were on level 1 of the Dungeon.
You worshipped Xom.
You were a very special plaything of Xom.
You visited 1 branch of the dungeon, and saw 2 of its levels.

You collected 60 gold pieces.

Inventory:

Hand Weapons
 a - a +0 falchion of chaos (weapon)
Armour
 b - a +2 leather armour (worn)
 h - a +0 helmet of intelligence (worn)
Jewellery
 g - a ring of protection from cold
Scrolls
 c - a scroll of butterflies
 f - a scroll of identify {unknown}
Potions
 d - a potion of enlightenment {unknown}
 e - a potion of brilliance {unknown}


   Skills:
 + Level 3.2 Fighting
 + Level 3.0 Long Blades
 + Level 1.1 Armour
 + Level 2.4 Dodging
 * Level 0.2 Spellcasting
 * Level 0.2 Conjurations
 * Level 0.2 Hexes
 * Level 0.2 Summonings
 * Level 0.2 Necromancy
 * Level 0.2 Translocations
 * Level 0.2 Transmutations
 * Level 0.2 Fire Magic
 * Level 0.2 Ice Magic
 * Level 0.2 Air Magic
 * Level 0.2 Earth Magic
 * Level 0.2 Poison Magic


You knew the following spells:

 Your Spells              Type           Power      Damage    Failure   Level
a - Necrotise             Necr           0%         1d4       34%         1
Your spell library was empty.

Dungeon Overview and Level Annotations

Branches:
Dungeon (2/15) Zot: 999

Altars:
Xom


Innate Abilities, Weirdness & Mutations

You are immune to sickness and miasma.
You are immune to poison.
Your flesh is very heat resistant. (rF++)
You are vulnerable to cold. (rC-)
You float through the air rather than walking.
You learn spells naturally, not from books.
Your magical power is your life essence.
You have superior vitality. (+4 MHP)
You have supernaturally acute eyesight. (SInv)
You possess an exceptional clarity of mind.
You are clumsy. (Dex -2)
Your body sometimes deteriorates upon taking damage.
You are dopey. (Int -2)
You are resistant to electric shocks. (rElec)
You sometimes lose the ability to drink potions when taking damage.
You expend health (3 HP) to strengthen your wands.


Message History

You fly upwards.
There is a stone staircase leading down, spattered with blood here.
Things that are here:
a +0 plate armour; a +0 war axe of chaos; a +0 dagger You start waiting. "Let me alter your body."
Your body is suffused with distortional energy.
You feel insulated.
Your bones become slightly less dense.
You start waiting.
Done waiting.
You start waiting.
Xom's power touches on you for a moment.
Your body is wracked with pain!
Your body deteriorates!
You feel weakened.
You start resting.
HP restored.
You start waiting.
Done waiting.
You start waiting.
Xom is getting BORED.
You start waiting.
You are now a BORING thing.
You start waiting.
Xom makes a sudden noise!
You hear a muffled joke.
You are now a very special plaything of Xom.
You start waiting.
You hear Xom's avuncular chuckle.
Your body is suffused with distortional energy.
Your skeletal structure returns to normal.
You feel your magical essence link to the dungeon's wands.
You start waiting.
You have lingered too long.
Zot senses you.
Dive deeper or flee this branch before you suffer!
Unknown command.
Unknown command.
Are you sure you want to abandon this character and quit the game? (Confirm with "yes".)
Okay, then.
Unknown command.
Unknown command.
Unknown command.
Are you sure you want to abandon this character and quit the game? (Confirm with "yes".)

##.....####...###
##....####....#
#...##..##..#...#######.##
#.####
#.#.###....####.......#..###.#
..#.#####._##########.##†)##.#
..#.....#.._..## #...#(...####
..#####....##..# ###..........
### #....###.## #..........
..#####^##..##..## #........>.
......#.###.###.@####
######.####
....[....##.####....##
##.....#
####.........######..##
##....... #..####.#..# ##..#
#........ #### #....# ##.#
#........ ###..#######.#
#........
#..........###........
#...............).....
#..........###........


There were no monsters in sight!

Vanquished Creatures
  A dart slug (D:1)
  3 ball pythons (D:1)
  2 endoplasms
  2 hobgoblins (D:1)
  A frilled lizard (D:1)
  5 goblins (D:1)
  A kobold (D:1)
  3 rats (D:1)
18 creatures vanquished.

Notes
Turn   | Place    | Note
-------+----------+-------------------------------------------
     0 | D:1      | Xavori the Djinni Chaos Knight began the quest for the Orb.
     0 | D:1      | Reached XP level 1. HP: 20/20 MP: 0/0
   169 | D:1      | Reached XP level 2. HP: 25/25 MP: 0/0
   238 | D:1      | XOM: divination: detect items
   852 | D:2      | Reached XP level 3. HP: 29/30 MP: 0/0
   852 | D:2      | Learned a level 1 spell: Necrotise
   906 | D:1      | XOM: silly message
  1464 | D:1      | XOM: silly message
  1857 | D:1      | XOM: divination: magic mapping
  2075 | D:1      | XOM: silly message
  3451 | D:1      | XOM: cloud trail
  3509 | D:1      | XOM: scenery: summon butterflies
  3560 | D:1      | XOM: give mutations
  3560 | D:1      | Gained mutation: Your body sometimes deteriorates upon
                  | taking damage. [Xom's mischief]
  3560 | D:1      | Lost mutation: Your body sometimes deteriorates upon taking
                  | damage. [Xom's mischief]
  3560 | D:1      | Gained mutation: Your muscles are strong. (Str +4, Int/Dex
                  | -1) [Xom's mischief]
  3858 | D:1      | XOM: give mutations
  3858 | D:1      | Gained mutation: You possess an exceptional clarity of
                  | mind. [Xom's grace]
  3858 | D:1      | Gained mutation: You have supernaturally acute eyesight.
                  | (SInv) [Xom's grace]
  4193 | D:1      | XOM: cloud trail
  4285 | D:1      | XOM is BORED!
  4285 | D:1      | XOM: stat loss: -2 Dex (9/11)
  5585 | D:1      | XOM: god gift: +0 helmet of intelligence
  5946 | D:1      | XOM: cloud trail
  6143 | D:1      | XOM: god gift: 32 gold pieces
  6146 | D:1      | XOM: cloud trail
  6152 | D:1      | XOM: divination: detect items
  6424 | D:1      | XOM: god gift: glowing war axe {god gift}
  6806 | D:1      | XOM: god gift: plate armour {god gift}
  8222 | D:1      | XOM: give mutations
  8222 | D:1      | Lost mutation: Your muscles are strong. (Str +4, Int/Dex
                  | -1) [Xom's mischief]
  8222 | D:1      | Gained mutation: You occasionally lose the ability to drink
                  | potions when taking damage. [Xom's mischief]
  8222 | D:1      | Gained mutation: You are dopey. (Int -2) [Xom's mischief]
  8323 | D:1      | XOM: give mutations
  8323 | D:1      | Gained mutation: Your body sometimes deteriorates upon
                  | taking damage. [Xom's mischief]
  8323 | D:1      | Gained mutation: You sometimes lose the ability to drink
                  | potions when taking damage. [Xom's mischief]
  8323 | D:1      | Gained mutation: You are clumsy. (Dex -2) [Xom's mischief]
  8376 | D:1      | XOM is BORED!
  8376 | D:1      | XOM: stat loss: -1 Int (13/14)
  8487 | D:1      | XOM: silly message
  8836 | D:1      | XOM: summons 2 hostile demons
 10039 | D:1      | XOM: scenery: create altars
 10177 | D:1      | XOM: summons 2 hostile shadow creatures
 10495 | D:1      | XOM: give mutations
 10495 | D:1      | Gained mutation: You are resistant to electric shocks.
                  | (rElec) [Xom's mischief]
 10495 | D:1      | Gained mutation: You have a somewhat thin skeletal
                  | structure. (Dex +2, Stealth+) [Xom's mischief]
 10653 | D:1      | XOM: torment (16/30 hp)
 10844 | D:1      | XOM is BORED!
 10844 | D:1      | XOM: noise
 10930 | D:1      | XOM: give mutations
 10930 | D:1      | Lost mutation: You have a somewhat thin skeletal structure.
                  | (Dex +2, Stealth+) [Xom's mischief]
 10930 | D:1      | Gained mutation: You expend health (3 HP) to strengthen
                  | your wands. [Xom's mischief]
 10989 | D:1      | Glimpsed the power of Zot.
 10990 | D:1      | Quit the game

Illustrated notes

Levels and vault maps discovered:
D:1:      amcnicky_arrival_gap_in_the_tavern_cellar, layout_rooms,
          minmay_shallow_snake_nest
D:2:      layout_basic, grunt_ministairs_14, kennysheep_generic_room_3

Skill      XL: |  1  2 |
---------------+-------+-----
Long Blades    | 3 |  3.0
Fighting       | |  3.2
Armour         | |  1.1
Dodging        | |  2.4
Spellcasting   | |  0.2
Conjurations   | |  0.2
Hexes          | |  0.2
Summonings     | |  0.2
Necromancy     | |  0.2
Translocations | |  0.2
Transmutations | |  0.2
Fire Magic     | |  0.2
Ice Magic      | |  0.2
Air Magic      | |  0.2
Earth Magic    | |  0.2
Poison Magic   | |  0.2

Action                     || total
---------------------------++-------
  Melee: Falchion          ||    43
 Armour: Leather armour    ||    20
  Dodge: Dodged            ||    33

Table legend: (Time is in decaauts)
 A = Elapsed time spent in this place.
 B = Non-inter-level travel time spent in this place.
 C = Inter-level travel time spent in this place.
 D = Time resting spent in this place.
 E = Time spent auto-exploring this place.
 F = Levels seen in this place.
 G = Mean time per level.
                   A        B        C        D        E       F      G
               +--------+--------+--------+--------+--------+-----+--------+
         Total |  11000 |  10990 |     10 |  10387 |    462 |   2 | 5500.0 |
       Dungeon |  11000 |  10990 |     10 |  10387 |    462 |   2 | 5500.0 |
               +--------+--------+--------+--------+--------+-----+--------+

Top non-repeatable levels by time:
     D:1: 10117 daAuts
     D:2: 882 daAuts
